 Dungeon Crawl Stone Soup version 0.30-a0-7-g94fe547ab8 (webtiles) character file.

Game seed: 14156714329357940175

562 Murumi the Shield-Bearer (level 7, -3/54 HPs)
             Began as a Formicid Fighter on Aug 23, 2022.
             Slain by an iguana (11 damage)
             ... on level 4 of the Dungeon.
             The game lasted 00:11:20 (5114 turns).

Murumi the Shield-Bearer (Formicid Fighter)         Turns: 5114, Time: 00:11:20

Health: -3/54      AC:  7    Str: 21    XL:     7   Next: 58%
Magic:  7/7        EV:  9    Int:  9    God:
Gold:   175        SH:  5    Dex: 13    Spells: 6/6 levels left

rFire   . . .      SeeInvis +    a - +0 flail
rCold   . . .      Faith    .    c - +0 buckler
rNeg    . . .      Spirit   .    b - +0 scale mail
rPois   .          Reflect  .    (helmet unavailable)
rElec   .          Harm     .    (no cloak)
rCorr   .          Rampage  .    (no gloves)
Will    .....                    (no boots)
Stlth   +.........               (no amulet)
HPRegen 0.18/turn                k - ring of wizardry
MPRegen 0.10/turn                (no ring)

@: no status effects
A: permanent stasis, dig shafts and tunnels, antennae 3, four strong arms
a: Dig, Shaft Self


You were on level 4 of the Dungeon.
You visited 1 branch of the dungeon, and saw 4 of its levels.

You collected 175 gold pieces.

Inventory:

Hand Weapons
 a - a +0 flail (weapon)
 m - a +0 whip
Missiles
 e - 30 stones (quivered)
 l - 6 poisoned darts
 q - 6 datura-tipped darts
Armour
 b - a +0 scale mail (worn)
 c - a +0 buckler (worn)
Jewellery
 k - a ring of wizardry (left hand)
Wands
 o - a wand of flame (28)
Scrolls
 j - a scroll of identify
Potions
 d - 3 potions of might
 f - 2 potions of curing
 g - a potion of lignification
 h - a potion of cancellation
 i - 2 potions of invisibility
 n - a potion of resistance
 p - a potion of attraction


   Skills:
 - Level 4.0 Fighting
 - Level 4.0 Maces & Flails
 + Level 3.6 Throwing
 - Level 4.0 Armour
 - Level 1.0 Dodging
 - Level 2.0 Stealth
 - Level 6.0 Shields
 - Level 2.0 Evocations


You had 6 spell levels left.
You didn't know any spells.
Your spell library contained the following spells:

 Spells                   Type           Power      Damage    Failure   Level
 Magic Dart               Conj           0%         1d3       45%         1
 Searing Ray              Conj           0%         2d4       58%         2
 Fulminant Prism          Conj/Hex       0%         3d6       99%         4


Dungeon Overview and Level Annotations

Branches:
Dungeon (4/15)
 Temple: D:4-7

Altars:


Innate Abilities, Weirdness & Mutations

You cannot be hasted, slowed, berserked, paralysed or teleported.
You can dig through walls and to a lower floor.
You have a pair of large antennae on your head. (SInv)
Your four strong arms can wield two-handed weapons with a shield.


Message History

You kill the quokka!
You sock the orc!
You kill the orc!
You sock the orc!
You kill the orc!
You sock the goblin!
You kill the goblin!
The orc completely misses you.
You hit the orc but do no damage. The orc hits you but does no damage.
You barely miss the orc. The orc hits you with a +0 club.
* * * LOW HITPOINT WARNING * * *
You hit the orc.
The orc is heavily wounded.
The orc hits you with a +0 club.
* * * LOW HITPOINT WARNING * * *
You barely miss the orc.
The orc is heavily wounded.
The orc hits you with a +0 club.
* * * LOW HITPOINT WARNING * * *
You block the orc's attack.
You barely miss the orc.
The orc is heavily wounded.
The orc hits you but does no damage.
You sock the orc!
You kill the orc!
You hit the iguana.
The iguana is moderately wounded.
The iguana closely misses you.
You hit the iguana.
The iguana is severely wounded.
The iguana bites you.
* * * LOW HITPOINT WARNING * * *
The iguana closely misses you.
You hit the iguana.
The iguana is severely wounded.
The iguana completely misses you.
You closely miss the iguana.
The iguana is severely wounded.
The iguana bites you!
You die...

.##### ......###########
........l@......##########
.####.#.###.###...........
# #.# #.############## #.#
#.....)..# # #o#
########.# # ... #.# ####
..... #.# #... ..#.### #.#
#... ...#.# # #.# #...


You could see an iguana.

Vanquished Creatures
  Sigmund (D:3)
  A black bear (D:4)
  A hound (D:4)
  An iguana (D:4)
  3 orc wizards
  7 adders
  4 worms
  3 dart slugs
  10 orcs
  5 bats
  4 endoplasms
  7 giant cockroaches
  7 goblins
  4 hobgoblins (D:1)
  10 jackals
  2 quokkas
  7 ball pythons
  2 frilled lizards (D:1)
  8 kobolds
  4 rats
  A bush (D:2)
92 creatures vanquished.

Vanquished Creatures (others)
  13 plants (D:2)
13 creatures vanquished.

Grand Total: 105 creatures vanquished

Notes
Turn   | Place    | Note
-------+----------+-------------------------------------------
     0 | D:1      | Murumi the Formicid Fighter began the quest for the Orb.
     0 | D:1      | Reached XP level 1. HP: 18/18 MP: 1/1
    43 | D:1      | Found a faded altar of an unknown god.
   277 | D:1      | Reached XP level 2. HP: 15/25 MP: 2/2
   674 | D:1      | You fall into a shaft and drop 1 floor!
  1186 | D:2      | Reached XP level 3. HP: 29/30 MP: 3/3
  1482 | D:2      | Reached skill level 1 in Throwing
  1874 | D:2      | Reached XP level 4. HP: 37/37 MP: 4/4
  2215 | D:2      | Reached skill level 1 in Stealth
  2835 | D:2      | Reached skill level 1 in Dodging
  2934 | D:3      | Reached XP level 5. HP: 29/42 MP: 5/5
  3257 | D:3      | Noticed Sigmund
  3271 | D:3      | Killed Sigmund
  3272 | D:3      | Reached skill level 5 in Shields
  3272 | D:3      | Reached XP level 6. HP: 14/48 MP: 6/6
  3713 | D:3      | Reached skill level 6 in Shields
  3941 | D:3      | Identified the +5 hand axe "Sucronol" {freeze, rElec}
  4391 | D:4      | Reached skill level 1 in Evocations
  4391 | D:4      | Reached XP level 7. HP: 50/54 MP: 7/7
  4459 | D:4      | HP: 1/54 [black bear (3)]
  5114 | D:4      | Slain by an iguana

Illustrated notes

Levels and vault maps discovered:
D:1:      ebering_trefoil_twist, layout_loops_cross,
          ebering_ecumenical_altar_abandoned
D:2:      layout_basic, serial_forest, infiniplex_forest_clump_cross,
          infiniplex_forest_clump_double, infiniplex_forest_join,
          infiniplex_forest_end_3, infiniplex_forest_clump_small,
          infiniplex_forest_corner_2, infiniplex_forest_zigzag_2, minmay_cupped
D:3:      layout_basic, dk_noncrumbling_4, uniq_sigmund
D:4:      layout_loops_ring, minmay_temple_entry_from_below_a

Skill      XL: |  1  2  3  4  5  6  7 |
---------------+----------------------+-----
Fighting       | 4 |  4.0
Armour         | 4 |  4.0
Throwing       | 1 2 3 |  3.6
Stealth        | 2 |  2.0
Dodging        | 1 |  1.0
Maces & Flails | 3 4 |  4.0
Shields        | 5 6 |  6.0
Evocations     | 1 2 |  2.0

Action                   |  1- 3 |  4- 6 |  7- 9 || total
-------------------------+-------+-------+-------++-------
Melee: Flail             |   129 |   204 |   100 ||   433
Throw: Stone             |       |     7 |     5 ||    12
  Use: Scroll            |     8 |     1 |     1 ||    10
       Potion            |       |       |     1 ||     1
Armor: Scale mail        |    63 |    50 |    46 ||   159
Dodge: Dodged            |    59 |    45 |    47 ||   151
Block: Buckler           |    41 |    30 |    21 ||    92

Table legend: (Time is in decaauts)
 A = Elapsed time spent in this place.
 B = Non-inter-level travel time spent in this place.
 C = Inter-level travel time spent in this place.
 D = Time resting spent in this place.
 E = Time spent auto-exploring this place.
 F = Levels seen in this place.
 G = Mean time per level.
                   A        B        C        D        E       F      G
               +--------+--------+--------+--------+--------+-----+--------+
         Total |   5246 |   4896 |    350 |    198 |   3759 |   4 | 1311.5 |
       Dungeon |   5246 |   4896 |    350 |    198 |   3759 |   4 | 1311.5 |
               +--------+--------+--------+--------+--------+-----+--------+

Top non-repeatable levels by time:
     D:2: 1928 daAuts
     D:3: 1485 daAuts
     D:1: 1056 daAuts
     D:4: 776 daAuts
